 Dungeon Crawl Stone Soup version 0.27-a0-1245-g940ed4fa31 (webtiles) character file.

Game seed: 15569370727626403800

75912 polve the Warrior (level 15, -4/124 (129) HPs)
             Began as a Demonspawn Abyssal Knight on June 9, 2021.
             Was a High Priest of Lugonu.
             Slain by an orc warrior
             ... wielding a +0 dire flail
             ... led by an orc warlord
              (21 damage)
             ... on level 1 of the Orcish Mines.
             The game lasted 00:41:41 (31747 turns).

polve the Warrior (Demonspawn Abyssal Knight)      Turns: 31747, Time: 00:41:41

HP:   -4/124 (129)  AC: 37    Str: 20    XL:     15   Next: 11%
MP:   0/21          EV:  3    Int: 13    God:    Lugonu [*****.]
Gold: 3683          SH: 13    Dex: 16    Spells: 12/14 levels left

rFire    + . .     SeeInvis +     - Unarmed
rCold    . . .     Faith    .   A - +1 kite shield {reflect}
rNeg     . . .     Spirit   +   q - +3 crystal plate armour
rPois    +         Reflect  +   w - +2 helmet of Midnight {Rampage rF+ Str-4 Dex+3}
rElec    +         Harm     .   R - +0 cloak
rCorr    .         Rampage  +   (no gloves)
Will     +....                  I - +2 pair of boots
Stlth    ..........             d - amulet of Yendor {rElec Regen+ Str+5 Stlth-}
HPRegen  1.30/turn              t - ring of Odihez {rPois AC+4}
MPRegen  0.34/turn              U - ring of see invisible

@: lightly drained
A: claws 2, icy blue scales 2, foul stench 2, magic shield, magic regeneration
a: Renounce Religion, Depart the Abyss, Bend Space, Banish, Corrupt, Enter the
Abyss


You were on level 1 of the Orcish Mines.
You worshipped Lugonu.
Lugonu was extremely pleased with you.
You visited 3 branches of the dungeon, and saw 22 of its levels.
You visited the Abyss 4 times.
You also visited: Trove.

You collected 3952 gold pieces.
You spent 269 gold pieces at shops.

Inventory:

Hand Weapons
 b - a +2 rapier of speed
Armour
 q - a +3 crystal plate armour (worn)
 w - the +2 helmet of Midnight (worn) {Rampage rF+ Str-4 Dex+3}
   (You found it in a treasure trove)

   It affects your strength (-4).
   It affects your dexterity (+3).
   It protects you from fire.
   It bestows one free step when moving towards enemies.
 A - a +1 kite shield of reflection (worn)
 I - a +2 pair of boots (worn)
 R - a +0 cloak (worn)
Jewellery
 d - the amulet of Yendor (around neck) {rElec Regen+ Str+5 Stlth-}
   (You found it in a treasure trove)

   [amulet of regeneration]

   It affects your strength (+5).
   It insulates you from electricity.
   It increases your rate of health regeneration.
   It makes you less stealthy.
 e - a ring of resist corrosion
 g - a +6 ring of dexterity
 m - the ring of Jeqeoqogh {Wiz *Slow rPois Will+}
   (You found it on level 2 of the Abyss)

   [ring of wizardry]

   It improves your spell success rate.
   It protects you from poison.
   It may slow you when you take damage.
   It increases your willpower.
 t - the ring of Odihez (left claw) {rPois AC+4}
   (You found it in a treasure trove)

   [ring of protection]

   It affects your AC (+4).
   It protects you from poison.
 y - an amulet of magic regeneration
 U - a ring of see invisible (right claw)
Wands
 c - a wand of flame (56)
 p - a wand of iceblast (53)
 v - a wand of acid (26)
 B - a wand of digging (8)
 J - a wand of mindburst (20)
 P - a wand of polymorph (14)
Scrolls
 f - 16 scrolls of teleportation
 i - 2 scrolls of fear
 j - 3 scrolls of silence
 n - 5 scrolls of amnesia
 u - 5 scrolls of blinking
 z - 4 scrolls of fog
 O - 4 scrolls of enchant weapon
 W - 2 scrolls of identify
Potions
 a - 2 potions of flight
 h - 7 potions of curing
 k - a potion of might
 l - a potion of ambrosia
 o - 4 potions of attraction
 r - 2 potions of cancellation
 s - 3 potions of brilliance
 x - a potion of invisibility
 F - 4 potions of heal wounds
 G - a potion of berserk rage
 L - a potion of magic
 N - 3 potions of mutation
 Q - 3 potions of lignification


   Skills:
 - Level 15.0 Fighting
 - Level 2.5 Short Blades
 - Level 8.0 Armour
 - Level 4.0 Dodging
 + Level 10.3 Shields
 - Level 12.0 Unarmed Combat
 - Level 5.8 Transmutations
 - Level 5.9 Earth Magic
 - Level 9.0 Invocations


You had 12 spell levels left.
You knew the following spells:

 Your Spells              Type           Power      Damage    Failure   Level
a - Passwall              Tmut/Erth      12%        N/A       100%        2

Your spell library contained the following spells:

 Spells                   Type           Power      Damage    Failure   Level
 Animate Skeleton         Necr           0%         N/A       100%        1
 Apportation              Tloc           0%         N/A       100%        1
 Corona                   Hex            0%         N/A       100%        1
 Pain                     Necr           0%         1d4       100%        1
 Sandblast                Erth           30%        2d9       100%        1
 Summon Small Mammal      Summ           0%         N/A       100%        1
 Blink                    Tloc           N/A        N/A       100%        2
 Corpse Rot               Necr/Air       N/A        N/A       100%        2
 Poisonous Vapours        Pois/Air       0%         N/A       100%        2
 Slow                     Hex            0%         N/A       100%        2
 Confusing Touch          Hex            0%         N/A       100%        3
 Conjure Flame            Conj/Fire      0%         6-21      100%        3
 Gell's Gravitas          Tloc           0%         N/A       100%        3
 Inner Flame              Hex/Fire       0%         N/A       100%        3
 Lesser Beckoning         Tloc           0%         N/A       100%        3
 Mephitic Cloud           Conj/Pois/Air  0%         N/A       100%        3
 Portal Projectile        Hex/Tloc       0%         N/A       100%        3
 Stone Arrow              Conj/Erth      14%        3d7       100%        3
 Teleport Other           Tloc           0%         N/A       100%        3
 Vampiric Draining        Necr           0%         2d6       100%        3
 Animate Dead             Necr           0%         N/A       100%        4
 Cause Fear               Hex            0%         N/A       100%        4
 Leda's Liquefaction      Hex/Erth       3%         N/A       100%        4
 Petrify                  Tmut/Erth      15%        N/A       100%        4
 Agony                    Necr           0%         N/A       100%        5
 Irradiate                Conj/Tmut      3%         3d14      100%        5
 Lee's Rapid Deconstruct  Erth           7%         3d8*      100%        5
 Manifold Assault         Tloc           0%         N/A       100%        5
 Metabolic Englaciation   Hex/Ice        0%         N/A       100%        5
 Summon Forest            Summ/Tloc      0%         N/A       100%        5
 Yara's Violent Unravell  Hex/Tmut       3%         3d4       100%        5
 Blade Hands              Tmut           7%         N/A       100%        6
 Eringya's Noxious Bog    Tmut/Pois      3%         N/A       100%        6
 Freezing Cloud           Conj/Ice/Air   0%         6-21      100%        6
 Statue Form              Tmut/Erth      10%        N/A       100%        6
 Dragon Form              Tmut           7%         N/A       100%        7
 Storm Form               Tmut/Air       3%         N/A       100%        7
 Summon Hydra             Summ           0%         N/A       100%        7


Dungeon Overview and Level Annotations

Branches:
Dungeon (14/15)            Temple (0/1) D:7            Lair (6/6) D:10
  Swamp (0/4) Lair:4       Spider (0/4) Lair:4        Slime (0/5) Lair:6
    Orc (2/2) D:11         Vaults (0/5) D:13
    Elf: Orc:2

Altars:
Gozag
Hepliaklqana
Kikubaaqudgha
Makhleb
Uskayaw
Wu Jian
Xom
Yredelemnul
The Shining One

Shops:
D:1 *   D:6 [   D:9 (   Orc:1 [


Innate Abilities, Weirdness & Mutations

You have very sharp fingernails.
You are mostly covered in icy blue scales. (AC +3)
You sometimes emit foul miasma when damaged in melee.
When hurt, damage is shared between your health and your magic reserves.
You regenerate magic rapidly.


Message History

The orc high priest invokes the aid of Beogh against you.
Beogh smites you!
You hear a shout! x2
In your confused state, you trip and fall back down the stairs.
The orc warrior hits you from afar with a +0 glaive.
The orc wizard hits you but does no damage.
The orc priest invokes the aid of Beogh against you.
Beogh smites you!
The orc warrior hits you with a +0 dire flail.
The orc priest hits you but does no damage.
The orc wizard gestures at you while chanting.
You resist with almost no effort.
An orc comes into view. It is wielding a +0 club.
The orc warrior hits you from afar with a +0 glaive!!
The orc wizard hits you but does no damage.
The orc warrior hits you but does no damage.
The orc priest mumbles some strange prayers to Beogh against you.
Pain shoots through your body!
* * * LOW HITPOINT WARNING * * *
The orc warrior hits you with a +0 dire flail!
* * * LOW HITPOINT WARNING * * *
The orc priest hits you but does no damage.
The orc warlord hits you from afar with a +0 halberd!!
* * * LOW HITPOINT WARNING * * *
The orc high priest utters an invocation to Beogh.
The orc wizard hits you but does no damage.
The orc wizard gestures wildly while chanting.
The orc wizard flickers and vanishes for a moment.
The orc warrior hits you from afar with a +0 halberd.
* * * LOW HITPOINT WARNING * * *
You hear a shout!
You climb upwards.
There is a stone staircase leading down, spattered with blood here.
Okay, then.
You feel better. You block the orc wizard's attack.
The orc warrior hits you with a +0 battleaxe.
* * * LOW HITPOINT WARNING * * *
The orc priest hits you but does no damage.
The orc warrior hits you with a +0 dire flail!!
You die...

.####.#..## #####...#.##.##
..#.......###.##..........#
...........#...#.........##
.....#...................##
..........................#
..........................#
........#.....[.......∩..##
.#............)oo.........#
.#.............o@[........#
###.##.....##..ooo.......##
# ##.....................##
##.......................#
##.......................##
#...................#.....#
..........<..............##
≈≈...#.................###
≈....##.............#...##


You could see 2 orc warriors, 2 orc priests and 2 orc wizards.

Vanquished Creatures
  Gastronok (Orc:1)
  A tentacled starspawn (Abyss:3)
  Nessos (Lair:6)
  A fire dragon (Lair:3)
  3 vault guards (D:13)
  Erolcha (D:11)
  Harold (D:10)
  4 hydras
  2 boulder beetles
  An alligator (Lair:6)
  4 two-headed ogres
  A tengu warrior (D:13)
  An orc high priest (Orc:1)
  Sonja (D:12)
  4 deep elf zephyrmancers (D:14)
  6 wizards (D:14)
  A deep elf pyromancer (D:14)
  11 ugly things
  An oklob plant (Orc:1)
  An orc sorcerer (D:14)
  2 cyclopes (D:14)
  A manticore (D:13)
  2 slime creatures (D:11)
  3 black mambas
  An ice statue (Lair:6)
  A rust devil (Abyss:2)
  An apocalypse crab (Abyss:3)
  5 elephants
  A torpor snail (Lair:6)
  Joseph (D:9)
  4 centaur zombies
  A smoke demon (Abyss:3)
  13 rime drakes
  2 gargoyles (D:12)
  10 cane toads
  6 komodo dragons
  9 kobold demonologists
  2 unseen horrors (D:11)
  2 freezing wraiths
  2 tengu conjurers (D:14)
  A komodo dragon (shapeshifter) (D:14)
  An ancient zyme (Abyss:2)
  3 meliai (D:14)
  9 polar bears (Lair:6)
  6 trolls
  6 hornets
  10 blink frogs
  6 dream sheep (Lair:6)
  An air elemental (Abyss:2)
  A centaur simulacrum (D:14)
  17 spriggans
  A shadow (D:11)
  3 wyverns
  8 humans (D:13)
  21 yaks
  3 basilisks
  A chaos spawn (Abyss:3)
  Menkaure (D:5)
  10 steam dragons
  2 wargs (Orc:1)
  Duvessa (D:5)
  An acid dragon (D:10)
  12 water moccasins
  A hornet zombie (D:6)
  4 black bears
  4 ice beasts
  15 orc warriors
  2 necrophages (D:7)
  7 centaurs
  26 wolves
  4 boggarts (Lair:6)
  3 ogres
  7 kobold brigands
  10 bullfrogs
  A small abomination (Abyss:2)
  2 scorpions
  Dowan (D:5)
  3 jellies
  4 killer bees (D:9)
  5 electric eels
  A howler monkey (D:8)
  3 bullfrog zombies
  2 centaur skeletons
  5 hounds
  12 orc priests
  2 bullfrog skeletons (D:6)
  4 iguanas
  22 orc wizards
  A killer bee zombie (D:6)
  A gnoll (D:1)
  A howler monkey skeleton (D:6)
  2 adders
  2 shadow imps
  2 white imps (Lair:6)
  2 ufetubi (D:5)
  2 worms
  2 dart slugs
  58 orcs
  6 ball pythons
  6 bats
  6 endoplasms
  A giant cockroach (D:1)
  3 goblins
  12 hobgoblins
  10 jackals
  36 kobolds
  7 quokkas
  6 frilled lizards
  9 rats
  A starspawn tentacle (Abyss:3)
567 creatures vanquished.

Vanquished Creatures (others)
  A vault guard (D:13)
  2 wizards (D:14)
  A basilisk (Lair:6)
  An orc (D:9)
  2 bushes
  28 fungi
  31 plants
  7 starspawn tentacles (Abyss:3)
73 creatures vanquished.

Grand Total: 640 creatures vanquished

Notes
Turn   | Place    | Note
-------+----------+-------------------------------------------
     0 | Abyss:1  | polve the Demonspawn Abyssal Knight began the quest for the
                  | Orb.
     0 | Abyss:1  | Reached XP level 1. HP: 18/18 MP: 2/2
    44 | Abyss:1  | Noticed a large abomination
    54 | Abyss:2  | Found a corrupted altar of Lugonu.
    65 | Abyss:2  | Found a corrupted altar of Lugonu.
    84 | Abyss:2  | Found a corrupted altar of Lugonu.
    96 | Abyss:2  | Noticed a small abomination
   106 | Abyss:2  | Identified the +3 chain mail "Culuidiu" {Slay+3}
   108 | D:1      | Escaped the Abyss
   313 | D:1      | Reached * piety under Lugonu
   431 | D:1      | Gained mutation: You have sharp fingernails. [demonic
                  | ancestry]
   431 | D:1      | Reached XP level 2. HP: 23/24 MP: 3/3
   471 | D:1      | Reached skill level 1 in Unarmed Combat
   521 | D:1      | Found a faded altar of an unknown god.
   561 | D:1      | Gained mutation: You have very sharp fingernails. [demonic
                  | ancestry]
   561 | D:1      | Reached XP level 3. HP: 26/29 MP: 4/4
   747 | D:1      | Found Kaato's Assorted Antiques.
  1317 | D:2      | Reached ** piety under Lugonu
  1590 | D:2      | Reached XP level 4. HP: 35/35 MP: 5/5
  2241 | D:3      | Noticed a scorpion
  2257 | D:3      | Killed a scorpion
  2258 | D:3      | Gained mutation: You regenerate magic rapidly. [demonic
                  | ancestry]
  2258 | D:3      | Reached XP level 5. HP: 42/42 MP: 6/6
  2540 | D:3      | Reached skill level 4 in Fighting
  3163 | D:4      | Gained mutation: You are partially covered in icy blue
                  | scales. (AC +2) [demonic ancestry]
  3163 | D:4      | Reached XP level 6. HP: 48/49 MP: 7/7
  3259 | D:4      | Reached *** piety under Lugonu
  3414 | D:4      | Reached skill level 5 in Fighting
  3490 | D:4      | Reached XP level 7. HP: 53/56 MP: 8/8
  3559 | D:4      | Found an opulent altar of Gozag.
  3559 | D:4      | Found an ancient bone altar of Kikubaaqudgha.
  3560 | D:4      | Found a basalt altar of Yredelemnul.
  3580 | D:4      | Found a burning altar of Makhleb.
  3825 | D:5      | Entered Level 5 of the Dungeon
  3921 | D:5      | Noticed Duvessa
  3921 | D:5      | Noticed Dowan
  3938 | D:5      | Killed Duvessa
  3939 | D:5      | Reached skill level 6 in Fighting
  3939 | D:5      | Reached skill level 5 in Unarmed Combat
  3951 | D:5      | Killed Dowan
  4344 | D:5      | Noticed Menkaure
  4356 | D:5      | Reached skill level 1 in Dodging
  4363 | D:5      | Killed Menkaure
  4599 | D:5      | Reached XP level 8. HP: 62/64 MP: 9/9
  5463 | D:6      | Found Ilomurch's Armour Shop.
  5771 | D:6      | Reached skill level 5 in Armour
  6587 | D:7      | Noticed a hornet
  6589 | D:7      | Paralysed by a hornet for 3 turns
  6594 | D:7      | Paralysed by a hornet for 3 turns
  6620 | D:6      | Killed a hornet
  6621 | D:6      | Reached skill level 5 in Invocations
  7103 | D:7      | Reached XP level 9. HP: 54/69 MP: 13/13
  7206 | D:7      | Found a hazy altar of Hepliaklqana.
  7635 | D:7      | Found an ornate altar of the Wu Jian Council.
  7664 | D:7      | Reached **** piety under Lugonu
  7847 | D:7      | Found a staircase to the Ecumenical Temple.
  8588 | D:8      | Reached skill level 7 in Fighting
  8714 | D:8      | Noticed a purple ugly thing
  8735 | D:8      | Killed a purple ugly thing
  8736 | D:8      | Reached skill level 8 in Fighting
  8907 | D:8      | Gained mutation: You are mostly covered in icy blue scales.
                  | (AC +3) [demonic ancestry]
  8907 | D:8      | Reached XP level 10. HP: 57/80 MP: 16/16
  9312 | D:6      | Bought the +1 buckler "Yghofik" {SInv} for 269 gold pieces
  9938 | D:9      | Noticed Joseph
  9961 | D:9      | Killed Joseph
  9962 | D:9      | Reached skill level 1 in Shields
 10374 | D:9      | Found Jelaarr's Weapon Emporium.
 11457 | D:10     | Entered Level 10 of the Dungeon
 11804 | D:10     | Noticed a smoke demon
 11879 | D:10     | Found a staircase to the Lair.
 11912 | D:10     | Reached skill level 9 in Fighting
 12483 | D:11     | Noticed a cyan ugly thing
 12509 | D:10     | Killed a cyan ugly thing
 12510 | D:10     | Reached skill level 10 in Fighting
 12716 | D:11     | Noticed Erolcha
 12781 | D:11     | Reached XP level 11. HP: 61/92 MP: 17/17
 13043 | Lair:1   | Entered Level 1 of the Lair of Beasts
 13346 | Lair:1   | Noticed Harold
 13393 | D:10     | Killed Harold
 13394 | D:10     | Reached skill level 11 in Fighting
 14167 | D:11     | Killed Erolcha
 14168 | D:11     | Reached skill level 12 in Fighting
 14195 | D:11     | Reached ***** piety under Lugonu
 14245 | D:11     | Noticed a soul eater
 14253 | D:11     | Noticed a soul eater
 14303 | D:11     | Identified the amulet "Edwenue" {Acrobat Str+4 Dex+4}
 14502 | D:11     | Found a staircase to the Orcish Mines.
 14526 | D:11     | Found a hide-covered altar of Uskayaw.
 15091 | D:12     | Noticed a red ugly thing
 15104 | D:12     | Killed a red ugly thing
 15306 | D:12     | Noticed a two-headed ogre
 15329 | D:11     | Killed a two-headed ogre
 15876 | D:12     | Gained mutation: You may rarely emit foul miasma when
                  | damaged in melee. [demonic ancestry]
 15876 | D:12     | Reached XP level 12. HP: 95/102 MP: 18/18
 16063 | D:12     | Noticed Sonja
 16080 | D:12     | Killed Sonja
 16185 | D:12     | Noticed a two-headed ogre
 16191 | D:12     | Killed a two-headed ogre
 16318 | D:12     | Found a portal to a secret trove of treasure.
 16367 | D:12     | Noticed a boulder beetle
 16392 | D:12     | Killed a boulder beetle
 16393 | D:12     | Reached skill level 10 in Unarmed Combat
 16772 | Orc:1    | Entered Level 1 of the Orcish Mines
 16859 | Orc:1    | HP: 3/102 [orc priest/divine providence (13)]
 17305 | Orc:1    | Found a shimmering altar of Xom.
 17475 | Orc:1    | Noticed Gastronok
 17491 | Orc:1    | Killed Gastronok
 17537 | Orc:1    | Found Haoshrix's Armour Emporium.
 20645 | Lair:4   | Noticed a seven-headed hydra
 20647 | Lair:4   | Banished a seven-headed hydra
 20838 | Lair:4   | Gained mutation: When hurt, damage is shared between your
                  | health and your magic reserves. [demonic ancestry]
 20838 | Lair:4   | Reached XP level 13. HP: 61/109 MP: 19/19
 21024 | Lair:3   | Reached skill level 13 in Fighting
 21230 | Lair:4   | Noticed a fire dragon
 21590 | Lair:3   | Killed a fire dragon
 21962 | Lair:4   | Found a hole to the Spider Nest.
 22229 | Lair:4   | Found a staircase to the Swamp.
 22379 | Lair:4   | Reached skill level 14 in Fighting
 24013 | Lair:5   | Identified the +1 scale mail of Foolhardiness {Str+3}
 24062 | Lair:6   | Entered Level 6 of the Lair of Beasts
 24275 | Lair:6   | Reached skill level 15 in Fighting
 24278 | Lair:6   | Learned a level 2 spell: Passwall
 24293 | Lair:6   | Reached skill level 1 in Transmutations
 24293 | Lair:6   | Reached skill level 1 in Earth Magic
 25408 | Lair:6   | Gained mutation: You sometimes emit foul miasma when
                  | damaged in melee. [demonic ancestry]
 25408 | Lair:6   | Reached XP level 14. HP: 115/123 MP: 18/20
 25481 | Lair:6   | Reached ****** piety under Lugonu
 25880 | Lair:6   | Reached skill level 5 in Transmutations
 25880 | Lair:6   | Reached skill level 5 in Earth Magic
 26380 | Lair:6   | Noticed Nessos
 26403 | Lair:6   | Killed Nessos
 26674 | Lair:6   | Identified a scroll of acquirement
 26674 | Lair:6   | Acquired a +1 kite shield of reflection
 26691 | Lair:6   | Found a staircase to the Slime Pits.
 27763 | D:13     | Reached skill level 5 in Shields
 28604 | D:13     | Identified the +8 plate armour of Dogma {Int+4}
 28622 | D:13     | Found a gate to the Vaults.
 28684 | D:13     | Identified the +5 trident "Goif" {vorpal, Int+5}
 29193 | D:14     | Found an ancient bone altar of Kikubaaqudgha.
 29574 | D:14     | Cast into level 3 of the Abyss (a wizard)
 29625 | Abyss:3  | Identified the ring "Podwoynn" {rF- rCorr Dex+6}
 29635 | Abyss:3  | Noticed a tentacled starspawn
 29660 | Abyss:3  | Killed a tentacled starspawn
 29723 | D:14     | Escaped the Abyss
 30129 | D:14     | Identified the +10 demon trident of the Leaping Traitor
                  | {flame, rPois rC- Int+2 Stlth+}
 30253 | D:14     | Cast into level 2 of the Abyss (a wizard)
 30262 | D:14     | Escaped the Abyss
 30783 | D:12     | You paid a toll of a +10 demon trident to enter a treasure
                  | trove
 30784 | Trove    | Entered a treasure trove
 30792 | Trove    | Identified the amulet of Yendor {rElec Regen+ Str+5 Stlth-}
 30806 | Trove    | Identified the ring of Odihez {rPois AC+4}
 30811 | Trove    | Identified the +2 helmet of Midnight {Rampage rF+ Str-4
                  | Dex+3}
 30966 | D:14     | Reached XP level 15. HP: 118/129 MP: 19/21
 31007 | D:14     | Cast into level 2 of the Abyss (a wizard)
 31011 | Abyss:2  | Identified the ring of Jeqeoqogh {Wiz *Slow rPois Will+}
 31097 | Abyss:2  | Reached skill level 10 in Shields
 31137 | D:14     | Escaped the Abyss
 31618 | Orc:2    | Entered Level 2 of the Orcish Mines
 31732 | Orc:2    | Noticed an orc warlord
 31745 | Orc:2    | HP: 6/124 [orc warrior/+0 halberd (1)]
 31747 | Orc:1    | Slain by an orc warrior

Illustrated notes

Levels and vault maps discovered:
D:1:      psy_arrival_radial02, layout_loops_ring, serial_shops, shop,
          shapermc_ecumenical_altar_mp_vishouse
D:2:      layout_basic
D:3:      layout_basic
D:4:      layout_rooms, lightli_temple_of_fire, gammafunk_temple_overflow_claw
D:5:      layout_cave_pods, minmay_misc_feat_pillars, uniq_duvessa,
          uniq_menkaure
D:6:      layout_cave_pods, serial_shops, shop
D:7:      layout_gridville, pdpol_wu_jian_five_deadly_venoms,
          nicolae_overflow_hidden_temple, minmay_temple_entry_poolview
D:8:      layout_basic
D:9:      layout_basic, serial_shops, shop, uniq_joseph
D:10:     layout_loops_corners, lair_entry_dummy, chequers_serial_rivers_small_a
D:11:     layout_irregular_city, orc_0_dummy, kb_lookout_dungeons_type,
          eat_drink_and_be_merry_uskayaw, uniq_erolcha
D:12:     layout_basic, enter_trove_6, uniq_sonja
D:13:     layout_roguey, ximxim_vaults_locker_room
D:14:     minmay_tri_stars, layout_long_grid, kiku_gazebo_pond_becter,
          lemuel_flame_loot_1
Lair:1:   layout_small_grid, wad_woods_02, serial_bayou_shore_a, uniq_harold
Lair:2:   layout_cave_pods, basic_altar, beast_lair_carwin_6, grunt_megastairs_2
Lair:3:   layout_loops_ring, grunt_forest_stairs_basic,
          chequers_serial_rivers_micro_a, lemuel_fruit_tree,
          serial_bayou_shore_b
Lair:4:   layout_cave_pods, minmay_swamp_entry_eels,
          spider_nest_entry_web_field, bobbens_dragon_lair_wall
Lair:5:   layout_regular_city, st_stairs_3, beast_lair_carwin_9
Lair:6:   minmay_lair_end_enchanted_forest, layout_concentric_octagons,
          nicolae_slime_entry_slimehenge, chequers_serial_rivers_large_a,
          ice2_lemuel, uniq_nessos
Orc:1:    layout_caves, serial_shops, shop, basic_altar,
          nicolae_orc_flooded_monolith, mines3_lemuel, uniq_gastronok
Orc:2:    st_orc_mages, layout_caves, serial_shops, shop, basic_altar

Skill      XL: |  1  2  3  4  5  6  7  8  9 10 11 12 13 14 15 |
---------------+----------------------------------------------+-----
Short Blades   | 2 |  2.5
Unarmed Combat | 1 2 3 4 6 7 8 12 | 12.0
Fighting       | 4 5 6 8 10 12 15 | 15.0
Armour         | 2 6 8 |  8.0
Dodging        | 2 4 |  4.0
Invocations    | 6 9 |  9.0
Shields        | 4 9 10 | 10.3
Transmutations | 4 5 |  5.8
Earth Magic    | 4 5 |  5.9

Action                   |  1- 3 |  4- 6 |  7- 9 | 10-12 | 13-15 || total
-------------------------+-------+-------+-------+-------+-------++-------
Melee: Short sword       |    75 |       |       |       |     8 ||    83
       Unarmed           |    49 |   116 |   320 |   769 |  1089 ||  2343
       Punch             |       |     2 |    12 |       |       ||    14
Invok: Depart the Abyss  |     1 |       |       |       |     3 ||     4
       Banish            |       |       |       |     1 |       ||     1
Evoke: Wand              |       |       |     2 |       |    11 ||    13
  Use: Potion            |       |       |     6 |     5 |     4 ||    15
       Scroll            |       |       |       |    11 |    16 ||    27
Armor: Chain mail        |    75 |    80 |   187 |   389 |   280 ||  1011
       Skin              |       |       |     7 |    22 |       ||    29
       Plate armour      |       |       |       |       |    81 ||    81
       Crystal plate arm |       |       |       |       |    84 ||    84
Dodge: Dodged            |    31 |    35 |    96 |   576 |   466 ||  1204
Block: Buckler           |       |       |       |   300 |   169 ||   469
       Kite shield       |       |       |       |       |   234 ||   234
       Reflection        |       |       |       |       |     3 ||     3

Table legend: (Time is in decaauts)
 A = Elapsed time spent in this place.
 B = Non-inter-level travel time spent in this place.
 C = Inter-level travel time spent in this place.
 D = Time resting spent in this place.
 E = Time spent auto-exploring this place.
 F = Levels seen in this place.
 G = Mean time per level.
                   A        B        C        D        E       F      G
               +--------+--------+--------+--------+--------+-----+--------+
         Total |  31407 |  29750 |   1657 |    396 |  24529 |  28 | 1121.7 |
       Dungeon |  20056 |  18854 |   1202 |    278 |  15711 |  14 | 1432.6 |
          Lair |   9970 |   9563 |    407 |    118 |   7898 |   6 | 1661.7 |
  Orcish Mines |    928 |    881 |     47 |      0 |    663 |   2 |  464.0 |
         Abyss |    388 |    388 |      0 |      0 |    248 |   5 |   77.6 |
         Trove |     63 |     63 |      0 |      0 |      8 |   1 |   63.0 |
               +--------+--------+--------+--------+--------+-----+--------+

Top non-repeatable levels by time:
  Lair:6: 2939 daAuts
    D:14: 2267 daAuts
    D:11: 2027 daAuts
  Lair:3: 1990 daAuts
    D:10: 1871 daAuts
     D:9: 1713 daAuts
     D:6: 1628 daAuts
  Lair:4: 1590 daAuts
     D:8: 1501 daAuts
     D:5: 1417 daAuts
  Lair:1: 1388 daAuts
    D:12: 1334 daAuts
    D:13: 1304 daAuts
     D:7: 1288 daAuts
     D:1: 1092 daAuts
